Map: Jagannatha LE

Players

SpeCial - Winner!

  • Race: Terran Terran
  • League: Master

Serral

  • Race: Zerg Zerg

Event: TSL 7

VOD

Have the link to the VOD?

Description

Time

  • Played on: June 20, 2021, 10:53 a.m.
  • Length: 8:27

All games in this series

Show
View Real Time Build Order
Export as new Build Order

SpeCial Terran - Winner!

Build Orders:  

Get SALT Encoding   

  12  0:00  SCV  
  13  0:12  SCV  
  14  0:18  Supply Depot  
  14  0:24  SCV  
  15  0:39  SCV  
  15  0:41  Barracks  
  16  0:44  Refinery  
  16  0:51  SCV  
  17  1:00  Barracks  
  17  1:04  SCV  
  18  1:16  SCV  
  19  1:28  Orbital Command, Reaper  
  20  1:47  Refinery, Reaper  
  20  1:49  Supply Depot  
  22  1:54  SCV  
  22  2:03  Reaper  
  23  2:11  SCV  
  24  2:17  Command Center  
  24  2:21  Marine  
  25  2:23  SCV  
  26  2:33  Factory  
  26  2:37  SCV  
  26  2:43  Supply Depot  
  27  2:47  Marine  
  27  2:48  Marine  
  30  2:51  SCV  
  30  3:03  SCV  
  31  3:12  Marine x2  
  32  3:15  SCV  
  32  3:20  Starport  
  32  3:27  SCV  
  32  3:30  Reaper x2, Factory Reactor  
  35  3:39  SCV, Orbital Command  
  36  3:51  SCV  
  37  4:02  Armory  
  37  4:04  SCV, Marine x2  
  37  4:07  Hellion x2  
  37  4:08  SCV  
  45  4:12  Medivac  
  45  4:16  Supply Depot  
  47  4:19  SCV  
  47  4:20  SCV  
  47  4:23  Barracks Reactor  
  49  4:28  Barracks Tech Lab  
  49  4:32  Hellion x2  
  49  4:37  SCV  
  49  4:38  SCV  
  55  4:40  Supply Depot  
  55  4:47  Starport Tech Lab  
  55  4:48  Marine  
  55  4:49  SCV, Stimpack  
  57  4:54  SCV  
  57  4:56  Hellion x2  
  62  5:01  SCV, Marine x2  
  65  5:10  Command Center  
  65  5:15  SCV x2  
  65  5:18  Supply Depot  
  67  5:21  Hellion  
  67  5:23  Marine x3  
  67  5:26  Hellion x2  
  67  5:27  Hellion  
  64  5:41  Marine x2  
  64  5:42  SCV x2  
  66  5:46  Factory Reactor  
  66  5:47  Marine  
  66  5:48  Barracks  
  66  5:49  Medivac  
  69  5:50  Medivac  
  69  5:51  Supply Depot  
  69  5:54  SCV x2  
  73  5:59  Marine x2  
  73  6:01  Engineering Bay  
  75  6:04  Engineering Bay  
  75  6:06  SCV x2, Marine  
  75  6:09  Refinery  
  78  6:12  Refinery  
  78  6:17  Marine x2  
  78  6:18  SCV x2  
  82  6:19  Supply Depot  
  82  6:23  Marine  
  82  6:24  Medivac x2  
  86  6:27  Widow Mine x2  
  86  6:30  SCV  
  89  6:33  SCV  
  89  6:34  Marine  
  89  6:39  Marine  
  92  6:41  Marine  
  92  6:45  Barracks Reactor  
  93  6:51  Barracks  
  93  6:52  Marine  
  94  6:54  SCV x2  
  94  6:56  Factory Reactor, Marine x2  
  94  7:00  Barracks  
  98  7:02  Marine x2, Combat Shield  
  100  7:13  SCV  
  100  7:14  Marine  
  100  7:15  Factory, Marine, Supply Depot  
  101  7:22  Marine x2  
  101  7:26  Marine  
  101  7:29  Medivac x2  
  104  7:32  Marine  
  100  7:40  Marine x2  
  100  7:41  Marine  
  100  7:42  Barracks Reactor, SCV  
  100  7:46  Widow Mine x2, Marine  
  100  7:49  Marine  
  100  7:50  Marine  
  107  7:53  SCV  
  108  8:02  Marine x3  
  98  8:06  Marine x2  
  98  8:09  Marine  
Show
View Real Time Build Order
Export as new Build Order

Serral Zerg 

Build Orders: Pool First, Muta Ling Bane 

Get SALT Encoding   

  12  0:00  Drone  
  13  0:12  Overlord  
  13  0:17  Drone  
  14  0:31  Drone x2  
  14  0:34  Drone  
  17  0:44  Extractor, Drone  
  17  0:50  Spawning Pool  
  17  0:55  Drone  
  17  1:07  Drone  
  18  1:17  Hatchery  
  17  1:22  Drone  
  18  1:37  Queen, Zergling x2  
  21  1:41  Zergling x2  
  21  1:46  Metabolic Boost  
  22  1:53  Overlord  
  22  2:11  Drone  
  22  2:12  Drone  
  24  2:16  Queen  
  24  2:21  Drone  
  27  2:29  Drone  
  28  2:30  Queen  
  28  2:32  Drone  
  31  2:43  Overlord  
  31  2:44  Zergling x2  
  31  2:46  Drone x3  
  31  2:51  Drone  
  36  3:02  Spore Crawler  
  34  3:06  Zergling x4  
  34  3:08  Zergling x2  
  36  3:12  Spore Crawler  
  36  3:15  Zergling x2, Spore Crawler  
  37  3:21  Overlord  
  37  3:24  Drone x2  
  37  3:25  Drone x2  
  41  3:28  Drone  
  42  3:35  Hatchery  
  41  3:41  Pneumatized Carapace  
  41  3:43  Drone x2  
  41  3:46  Drone  
  41  3:48  Drone  
  45  3:49  Drone  
  45  3:52  Drone  
  45  3:54  Drone  
  48  3:58  Overlord  
  48  4:03  Queen  
  48  4:06  Overlord  
  50  4:10  Baneling Nest  
  50  4:11  Drone  
  50  4:14  Drone  
  51  4:18  Drone x3  
  51  4:21  Drone, Extractor  
  51  4:22  Drone  
  51  4:24  Drone  
  56  4:27  Overlord  
  56  4:29  Drone  
  58  4:31  Drone  
  58  4:33  Drone  
  58  4:38  Lair  
  59  4:42  Queen  
  59  4:44  Drone  
  62  4:46  Drone  
  62  4:51  Overlord  
  63  4:53  Zergling x4  
  63  4:54  Drone  
  63  4:56  Drone  
  63  4:59  Zergling x2  
  68  5:00  Queen  
  68  5:06  Baneling x3  
  68  5:07  Baneling x2  
  70  5:08  Evolution Chamber  
  70  5:10  Evolution Chamber  
  70  5:12  Baneling, Zergling x6  
  71  5:14  Drone  
  72  5:22  Drone x6  
  72  5:23  Drone  
  72  5:35  Drone x5  
  70  5:39  Drone x2, Overseer  
  70  5:40  Queen  
  70  5:41  Overlord  
  72  5:50  Extractor  
  72  5:51  Extractor  
  72  5:52  Extractor  
  72  5:53  Extractor  
  72  5:54  Drone x3, Spire  
  70  6:01  Zergling x4  
  70  6:02  Zergling x2  
  73  6:12  Zergling x6  
  73  6:14  Drone x5  
  73  6:15  Drone  
  82  6:21  Queen  
  82  6:23  Drone  
  84  6:28  Overlord  
  84  6:29  Centrifical Hooks, Spore Crawler  
  84  6:30  Spore Crawler  
  84  6:32  Drone  
  83  6:33  Drone  
  83  6:36  Overlord  
  83  6:38  Drone  
  85  6:45  Drone x2  
  87  6:49  Overlord  
  87  6:51  Drone x2  
  87  6:53  Overlord  
  89  6:54  Hatchery  
  89  6:56  Drone x2  
  90  7:01  Drone  
  90  7:03  Zergling x8  
  90  7:06  Baneling x3  
  90  7:07  Baneling x2, Zergling x4  
  97  7:12  Zergling x4  
  89  7:31  Mutalisk x4  
  89  7:36  Mutalisk x2  
  94  7:40  Zergling x6  
  94  7:42  Baneling x3  
  94  7:43  Baneling x3  
  83  8:03  Zergling x18  
Tags
 
Add a new tag
Caveats
  • Supply blocks, unpowered buildings, or Contaminate may cause inaccurate times.
  • Supply counts are checked every 10 seconds.